 Seeded DCSS version 0.28.0-47-ge53b351184 (webtiles) character file.

Game seed: 14722770854467641592 (custom seed)

63 Aarinfel the Skirmisher (level 4, -1/29 HPs)
             Began as a Gargoyle Fighter on May 10, 2022.
             Was an Initiate of Gozag.
             Slain by a goblin
             ... wielding a +0 club
              (3 damage)
             ... on level 3 of the Dungeon.
             The game lasted 00:02:10 (1865 turns).

Aarinfel the Skirmisher (Gargoyle Fighter)          Turns: 1865, Time: 00:02:11

Health: -1/29      AC: 10    Str: 21    XL:     4   Next: 10%
Magic:  4/4        EV:  9    Int:  9    God:    Gozag
Gold:   80         SH:  4    Dex:  9    Spells: 3/3 levels left

rFire   . . .      SeeInvis .   a - +0 flail
rCold   . . .      Faith    .   c - +0 buckler
rNeg    + . .      Spirit   .   b - +0 scale mail
rPois   ∞          Reflect  .   (no helmet)
rElec   +          Harm     .   (no cloak)
rCorr   .          Rampage  .   (no gloves)
Will    .....                   (no boots)
Stlth   ..........              (no amulet)
HPRegen 0.09/turn               (no ring)
MPRegen 0.09/turn               (no ring)

@: gold aura
A: sickness immunity, AC +3, negative energy resistance 1, electricity
resistance, torment resistance 1, petrification resistance
a: Renounce Religion, Potion Petition, Call Merchant, Bribe Branch


You were on level 3 of the Dungeon.
You worshipped Gozag.
Gozag was noncommittal.
You visited 1 branch of the dungeon, and saw 3 of its levels.

You collected 84 gold pieces.
You paid 4 gold pieces to Gozag.

Inventory:

Hand Weapons
 a - a +0 flail (weapon)
Armour
 b - a +0 scale mail (worn)
 c - a +0 buckler (worn)
Scrolls
 e - a scroll of noise {unknown}
 h - a scroll of blinking {unknown}
Potions
 d - a potion of might
 f - a potion of ambrosia {unknown}
 g - a potion of curing {unknown}


   Skills:
 + Level 4.0 Fighting
 * Level 3.6 Maces & Flails
 - Level 3.2 Armour
 - Level 3.2 Shields


You had 3 spell levels left.
You didn't know any spells.
Your spell library contained the following spells:

 Spells                   Type           Power      Damage    Failure   Level
 Foxfire                  Conj/Fire      0%         2x1d4     82%         1
 Conjure Flame            Conj/Fire      0%         6-21      99%         3
 Inner Flame              Hex/Fire       0%         N/A       99%         3
 Flame Wave               Conj/Fire      0%         2d4       100%        4


Dungeon Overview and Level Annotations

Branches:
Dungeon (3/15)

Altars:
Gozag


Innate Abilities, Weirdness & Mutations

You are immune to sickness and miasma.
Your stone body is resilient. (AC +3)
You are immune to poison.
You resist negative energy. (rN+)
You are resistant to electric shocks. (rElec)
You are resistant to unholy torment.
You are immune to petrification.


Message History

You closely miss the adder.
The adder is heavily wounded.
The adder barely misses you. The adder bites you but does no damage.
You barely miss the adder.
The adder is heavily wounded.
The adder barely misses you.
You closely miss the adder.
The adder is heavily wounded.
The adder bites you but does no damage.
A goblin comes into view. It is wielding a +0 club.
The adder bites you but does no damage.
You miss the adder.
The adder is heavily wounded.
The adder barely misses you.
You closely miss the adder.
The adder is heavily wounded.
The adder bites you.
* * * LOW HITPOINT WARNING * * *
You block the adder's attack.
You barely miss the adder.
The adder is heavily wounded.
The adder barely misses you. The adder bites you.
* * * LOW HITPOINT WARNING * * *
You closely miss the adder.
The adder is heavily wounded.
The adder bites you but does no damage.
You hit the adder.
The adder is severely wounded.
The adder bites you.
* * * LOW HITPOINT WARNING * * *
The adder bites you but does no damage.
You hit the adder.
You kill the adder!
The goblin closely misses you.
You have reached level 4!
You feel clever.
You closely miss the goblin. The goblin hits you but does no damage.
You closely miss the goblin. The goblin hits you with a +0 club.
You die...
Your body crumbles into a pile of gold.

### .<.. .(.. .....
.....##################
$
........)..............
###....<.....###...####
...>..........@gg....$.
####.....###.###S..####
####### #+# .......
.#..... .#..... .# ....
.# ... .# ###


You could see a hobgoblin, a goblin and a ball python.

Vanquished Creatures
  3 adders
  4 dart slugs
  6 bats
  A goblin (D:1)
  5 hobgoblins
  A quokka (D:2)
  2 ball pythons
  2 frilled lizards
  6 kobolds
30 creatures vanquished.

Notes
Turn   | Place    | Note
-------+----------+-------------------------------------------
     0 | D:1      | Aarinfel the Gargoyle Fighter began the quest for the Orb.
     0 | D:1      | Reached XP level 1. HP: 14/14 MP: 1/1
   141 | D:1      | Reached XP level 2. HP: 12/19 MP: 2/2
   331 | D:1      | Found a faded altar of an unknown god.
   775 | D:2      | Reached XP level 3. HP: 23/24 MP: 3/3
   869 | D:2      | Found an opulent altar of Gozag.
   882 | D:2      | Became a worshipper of Gozag Ym Sagoz the Greedy
  1659 | D:3      | Reached skill level 4 in Fighting
  1864 | D:3      | Reached XP level 4. HP: 2/29 MP: 4/4
  1865 | D:3      | Slain by a goblin

Illustrated notes

Levels and vault maps discovered:
D:1:      minmay_arrival_nine_rooms, layout_basic,
          ebering_ecumenical_altar_hall, serial_bayou_pond_d
D:2:      layout_basic, basic_altar
D:3:      layout_basic

Skill      XL: |  1  2  3 |
---------------+----------+-----
Maces & Flails | 3 |  3.6
Fighting       | 4 |  4.0
Armour         | |  3.2
Shields        | |  3.2

Action                   |  1- 3 |  4- 6 || total
-------------------------+-------+-------++-------
Melee: Flail             |   131 |     2 ||   133
Armor: Scale mail        |   102 |     1 ||   103
Dodge: Dodged            |    85 |       ||    85
Block: Buckler           |    39 |       ||    39
